 Dungeon Crawl Stone Soup version 0.29.0-4-gdea44cf6ec (webtiles) character file.

Game seed: 4906524122133352957

677 qw the Chopper (level 7, -9/50 (54) HPs)
             Began as a Formicid Cinder Acolyte on Sept 4, 2022.
             Was a Priest of Ignis.
             Mangled by Duvessa
             ... wielding a +0 short sword
              (10 damage)
             ... on level 4 of the Dungeon.
             The game lasted 00:01:38 (4951 turns).

qw the Chopper (Formicid Cinder Acolyte)            Turns: 4951, Time: 00:01:39

HP:   -9/50 (54)    AC: 22    Str: 20    XL:     7   Next: 91%
MP:   8/8           EV:  6    Int: 14    God:    Ignis [***...]
Gold: 133           SH:  5    Dex:  9    Spells: 8/8 levels left

rFire   + . .      SeeInvis +   Y - +0 war axe
rCold   . . .      Faith    .   (no shield)
rNeg    . . .      Spirit   .   c - +2 plate armour
rPois   .          Reflect  +   (helmet unavailable)
rElec   .          Harm     .   d - +1 cloak {Stlth+}
rCorr   .          Rampage  .   (no gloves)
Will    .....                   (no boots)
Stlth   ..........              i - amulet of reflection
HPRegen 0.16/turn               (no ring)
MPRegen 0.11/turn               (no ring)

@: fiery-armoured, drained
A: permanent stasis, dig shafts and tunnels, antennae 3, four strong arms
a: Dig, Shaft Self, Renounce Religion, Fiery Armour, Foxfire Swarm, Rising Flame


You were on level 4 of the Dungeon.
You worshipped Ignis.
Ignis was most pleased with you.
You visited 1 branch of the dungeon, and saw 4 of its levels.

You collected 223 gold pieces.
You spent 90 gold pieces at shops.


Innate Abilities, Weirdness & Mutations

You cannot be hasted, slowed, berserked, paralysed or teleported.
You can dig through walls and to a lower floor.
You have a pair of large antennae on your head. (SInv)
Your four strong arms can wield two-handed weapons with a shield.


   Skills:
 - Level 4.0 Fighting
 + Level 7.0 Axes
 - Level 2.4 Throwing
 - Level 3.0 Armour
 - Level 1.4 Dodging
 - Level 1.1 Spellcasting
 - Level 3.0 Fire Magic


You had 8 spell levels left.
You didn't know any spells.
Your spell library contained the following spells:

 Spells                   Type           Power      Damage    Failure   Level
 Scorch                   Fire           18%        2d5       98%         2

Inventory:

Hand Weapons
 a - a -1 hand axe of flaming
 Y - a +0 war axe (weapon)
Missiles
 e - 4 boomerangs (quivered)
Armour
 c - a +2 plate armour (worn)
 d - a +1 cloak of stealth (worn)
Jewellery
 i - an amulet of reflection (around neck)
Scrolls
 g - a scroll of identify
 m - a scroll of teleportation {unknown}
Potions
 b - a potion of resistance
 h - a potion of brilliance {unknown}
 j - 2 potions of curing
 k - a potion of might
 l - 2 potions of cancellation

Dungeon Overview and Level Annotations

Branches:
Dungeon (4/15)
 Temple: D:4-7

Altars:
Fedhas

Shops:
D:3 (*(

Annotations:
D:4 Duvessa


Message History

You hit Duvessa.
Duvessa is moderately wounded.
Duvessa hits you with a +0 short sword!
You hit Duvessa.
Duvessa is heavily wounded.
You block Duvessa's attack. Duvessa hits you with a +0 short sword!
You hit Duvessa.
Duvessa is heavily wounded.
Duvessa hits you but does no damage. x2
Duvessa is burned by your cloak of flames.
Duvessa is heavily wounded.
You completely miss Duvessa.
Duvessa is heavily wounded.
Duvessa hits you but does no damage.
Duvessa is burned by your cloak of flames.
Duvessa is severely wounded.
Duvessa hits you but does no damage.
Duvessa is burned by your cloak of flames.
Duvessa is severely wounded.
You closely miss Duvessa.
Duvessa is severely wounded.
Duvessa barely misses you.
You hit Duvessa but do no damage.
Duvessa is severely wounded.
Duvessa hits you with a +0 short sword.
Duvessa is burned by your cloak of flames.
Duvessa is severely wounded.
Duvessa hits you but does no damage.
Duvessa is burned by your cloak of flames.
Duvessa is severely wounded.
You closely miss Duvessa.
Duvessa is severely wounded.
Duvessa hits you with a +0 short sword.
Duvessa is burned by your cloak of flames.
Duvessa is almost dead.
Duvessa barely misses you.
You closely miss Duvessa.
Duvessa is almost dead.
Duvessa hits you with a +0 short sword!
You die...

...........## .............#
#..................#
...................## .
..>.....(.......!....# #
......................# #
................)...# ##
......#.........@e.###.# ..## #.
......#.............##..#....###.
.........)................ ..##..
.......................... ..##..
..........###.........###.##.....
.........## ###...##### ##...###.
.#......## #..## #...%#...
###...## #.## #...#.#.# ##...##
##.# ##.#.##.#


You could see Duvessa (berserk, fast).

Vanquished Creatures
  Sigmund (D:3)
  Edmund (D:4)
  Dowan (D:4)
  An orc priest (D:4)
  Crazy Yiuf (D:2)
  Ijyb (D:4)
  Terence (D:2)
  An iguana (D:4)
  Natasha (thrice) (D:2)
  3 gnolls (D:3)
  2 adders
  A dart slug (D:2)
  17 orcs
  11 endoplasms
  4 giant cockroaches
  6 hobgoblins
  5 jackals
  3 quokkas
  5 ball pythons
  7 bats
  A frilled lizard (D:3)
  4 goblins
  5 kobolds
  8 rats
93 creatures vanquished.

Notes
Turn   | Place    | Note
-------+----------+-------------------------------------------
     0 | D:1      | qw the Formicid Cinder Acolyte began the quest for the Orb.
     0 | D:1      | Reached XP level 1. HP: 18/18 MP: 2/2
     0 | D:1      | 0 ||| qw: Version: 0.1-a-103-gd6f5d3a
     0 | D:1      | 0 ||| qw: Game counter: 5590
     0 | D:1      | 0 ||| qw: Always use a shield: true
     0 | D:1      | 0 ||| qw: God list: Okawaru
     0 | D:1      | 0 ||| qw: Allow faded altars: false
     0 | D:1      | 0 ||| qw: Do Orc after D:15 true
     0 | D:1      | 0 ||| qw: Do second Lair branch before Depths: true
     0 | D:1      | 0 ||| qw: Lair rune preference: random
     0 | D:1      | 0 ||| qw: Plans: Normal
     0 | D:1      | 0 ||| PLANNING D:1-11
   153 | D:1      | 153 ||| SWAPPING to +3 hand axe.
   338 | D:1      | Reached XP level 2. HP: 24/24 MP: 3/3
   480 | D:1      | Found a faded altar of an unknown god.
   802 | D:1      | Reached skill level 4 in Axes
   802 | D:1      | Reached XP level 3. HP: 29/29 MP: 4/4
  1035 | D:1      | 1035 ||| UPGRADING to +0 ring mail.
  1045 | D:1      | 1045 ||| DROPPING +0 robe.
  1046 | D:1      | 1046 ||| UPGRADING to amulet of reflection.
  1051 | D:1      | 1051 ||| READING scroll labelled UFODIRI HESIVO.
  1052 | D:1      | 1052 ||| READING scroll labelled SOR VOL ONOHO.
  1053 | D:1      | 1053 ||| READING scroll labelled MIONKO OTWI.
  1054 | D:1      | 1054 ||| READING 5 scrolls labelled NYGOUZ CE GOVI.
  1055 | D:1      | 1055 ||| READING 4 scrolls of identify.
  1055 | D:1      | 1055 ||| IDENTIFYING purple potion
  1056 | D:1      | 1056 ||| READING 3 scrolls of identify.
  1056 | D:1      | 1056 ||| IDENTIFYING blue potion
  1057 | D:1      | 1057 ||| READING 2 scrolls of identify.
  1057 | D:1      | 1057 ||| IDENTIFYING bubbling amethyst potion
  1330 | D:2      | Noticed Natasha
  1331 | D:2      | 1331 ||| Stepping ~*~*~tactically~*~*~ (hiding).
  1340 | D:2      | 1340 ||| INVOKING Fiery Armour.
  1342 | D:2      | Killed Natasha
  1343 | D:2      | Reached XP level 4. HP: 13/35 MP: 5/5
  1451 | D:2      | Noticed Natasha
  1451 | D:2      | 1451 ||| FLEEEEING.
  1452 | D:2      | 1452 ||| FLEEEEING.
  1453 | D:2      | 1453 ||| FLEEEEING.
  1454 | D:2      | 1454 ||| FLEEEEING.
  1455 | D:2      | 1455 ||| FLEEEEING.
  1456 | D:2      | 1456 ||| FLEEEEING.
  1457 | D:2      | 1457 ||| FLEEEEING.
  1462 | D:2      | 1462 ||| STAIRDANCE
  1540 | D:1      | 1540 ||| UPGRADING to +0 plate armour.
  1550 | D:1      | 1550 ||| DROPPING +0 ring mail.
  1551 | D:1      | 1551 ||| READING scroll labelled DATWUR OQAAGEO.
  1557 | D:2      | Killed Natasha
  1941 | D:2      | Found a runed translucent door.
  1942 | D:2      | Noticed Crazy Yiuf
  2003 | D:2      | Reached XP level 5. HP: 41/41 MP: 6/6
  2059 | D:2      | Noticed Terence
  2081 | D:2      | Killed Terence
  2082 | D:2      | Reached skill level 5 in Axes
  2272 | D:2      | Noticed Natasha
  2273 | D:2      | 2273 ||| Stepping ~*~*~tactically~*~*~ (hiding).
  2276 | D:2      | 2276 ||| Stepping ~*~*~tactically~*~*~ (hiding).
  2281 | D:2      | Killed Natasha
  2579 | D:2      | 2579 ||| READING 3 scrolls labelled USOSAPL NITTE.
  2580 | D:2      | 2580 ||| READING 2 scrolls of enchant armour.
  2580 | D:2      | 2580 ||| ENCHANTING +0 plate armour.
  2581 | D:2      | 2581 ||| READING scroll of enchant armour.
  2581 | D:2      | 2581 ||| ENCHANTING +1 plate armour.
  2582 | D:2      | 2582 ||| READING 2 scrolls of identify.
  2582 | D:2      | 2582 ||| IDENTIFYING smoky clear potion
  2655 | D:3      | 2655 ||| Stepping ~*~*~tactically~*~*~ (stealth).
  2657 | D:3      | 2657 ||| Stepping ~*~*~tactically~*~*~ (stealth).
  2686 | D:3      | Found Jekat's General Store.
  2689 | D:3      | 2689 ||| Stepping ~*~*~tactically~*~*~ (stealth).
  2696 | D:3      | 2696 ||| Stepping ~*~*~tactically~*~*~ (stealth).
  2701 | D:3      | 2701 ||| Stepping ~*~*~tactically~*~*~ (stealth).
  2763 | D:3      | 2763 ||| FLEEEEING.
  2764 | D:3      | 2764 ||| FLEEEEING.
  2765 | D:3      | 2765 ||| FLEEEEING.
  2766 | D:3      | 2766 ||| FLEEEEING.
  2767 | D:3      | 2767 ||| FLEEEEING.
  2802 | D:3      | 2802 ||| Stepping ~*~*~tactically~*~*~ (stealth).
  2934 | D:3      | 2934 ||| BUYING potion of heal wounds (55 gold).
  2934 | D:3      | Bought a potion of heal wounds for 55 gold pieces
  2957 | D:3      | 2957 ||| Stepping ~*~*~tactically~*~*~ (stealth).
  2959 | D:3      | 2959 ||| FLEEEEING.
  2960 | D:3      | 2960 ||| FLEEEEING.
  2961 | D:3      | 2961 ||| FLEEEEING.
  2962 | D:3      | 2962 ||| FLEEEEING.
  2963 | D:3      | 2963 ||| FLEEEEING.
  2964 | D:3      | 2964 ||| FLEEEEING.
  2965 | D:3      | 2965 ||| FLEEEEING.
  2966 | D:3      | 2966 ||| FLEEEEING.
  2968 | D:3      | 2968 ||| FLEEEEING.
  2969 | D:3      | 2969 ||| FLEEEEING.
  2970 | D:3      | 2970 ||| FLEEEEING.
  2971 | D:3      | 2971 ||| FLEEEEING.
  2972 | D:3      | 2972 ||| FLEEEEING.
  2973 | D:3      | 2973 ||| FLEEEEING.
  2974 | D:3      | 2974 ||| FLEEEEING.
  2975 | D:3      | 2975 ||| FLEEEEING.
  2976 | D:3      | 2976 ||| FLEEEEING.
  2978 | D:3      | 2978 ||| FLEEEEING.
  2980 | D:3      | 2980 ||| STAIRDANCE
  2981 | D:2      | HP: 10/41 [poisoned by a kobold]
  2986 | D:2      | HP: 4/41 [poisoned by a kobold]
  3309 | D:2      | 3309 ||| READING scroll labelled TUUFAS ACEI.
  3310 | D:2      | 3310 ||| READING 4 scrolls of identify.
  3310 | D:2      | 3310 ||| IDENTIFYING orange potion
  3311 | D:2      | 3311 ||| READING 3 scrolls of identify.
  3311 | D:2      | 3311 ||| IDENTIFYING golden potion
  3312 | D:2      | 3312 ||| DROPPING potion of flight.
  3313 | D:2      | 3313 ||| DROPPING potion of invisibility.
  3314 | D:2      | 3314 ||| Stepping randomly (stuck).
  3321 | D:2      | 3321 ||| INVOKING Fiery Armour.
  3321 | D:2      | HP: 7/41 [Crazy Yiuf/+2 quarterstaff of chaos (11)]
  3322 | D:2      | 3322 ||| DRINKING 2 potions of heal wounds.
  3323 | D:2      | Killed Crazy Yiuf
  3324 | D:2      | Reached XP level 6. HP: 22/47 MP: 7/7
  3532 | D:2      | 3532 ||| UPGRADING to +1 cloak of stealth.
  3537 | D:2      | 3537 ||| READING 2 scrolls of identify.
  3537 | D:2      | 3537 ||| IDENTIFYING murky brown potion
  3538 | D:2      | 3538 ||| DROPPING potion of lignification.
  3586 | D:3      | 3586 ||| STAIRDANCE
  3600 | D:3      | 3600 ||| INVOKING Fiery Armour.
  3669 | D:3      | Found Loiwk's Weapon Shop.
  3677 | D:3      | 3677 ||| BUYING +0 war axe (35 gold).
  3677 | D:3      | Bought a +0 war axe for 35 gold pieces
  3677 | D:3      | 3677 ||| SWAPPING to +0 war axe.
  3678 | D:3      | 3678 ||| DROPPING +3 hand axe.
  3760 | D:3      | Identified the +3 dagger of Exhibitionism {freeze, Will+
                  | Dex+8 Stlth-}
  3824 | D:3      | Noticed Sigmund
  3829 | D:3      | Reached skill level 3 in Armour
  3838 | D:3      | 3838 ||| INVOKING Fiery Armour.
  3839 | D:3      | Killed Sigmund
  3840 | D:3      | Reached skill level 6 in Axes
  3840 | D:3      | Reached XP level 7. HP: 21/52 MP: 8/8
  4071 | D:3      | Found Toprihuen's Antique Weapon Emporium.
  4208 | D:3      | 4208 ||| READING 2 scrolls labelled TERPHI LOJOUNAL.
  4209 | D:3      | 4209 ||| DROPPING scroll of vulnerability.
  4241 | D:4      | 4241 ||| INVOKING Fiery Armour.
  4430 | D:4      | Found a blossoming altar of Fedhas.
  4462 | D:4      | 4462 ||| Stepping ~*~*~tactically~*~*~ (stealth).
  4462 | D:4      | Noticed Ijyb
  4482 | D:4      | Killed Ijyb
  4483 | D:4      | Reached skill level 7 in Axes
  4763 | D:4      | Noticed Edmund
  4784 | D:4      | Killed Edmund
  4930 | D:4      | Noticed Dowan
  4931 | D:4      | Noticed Duvessa
  4932 | D:4      | 4932 ||| INVOKING Fiery Armour.
  4939 | D:4      | Killed Dowan
  4940 | D:4      | Reached skill level 1 in Dodging
  4941 | D:4      | HP: 11/50 [Duvessa/+0 short sword (16)]
  4942 | D:4      | 4942 ||| DRINKING potion of heal wounds.
  4945 | D:4      | HP: 3/50 [Duvessa/+0 short sword (7)]
  4950 | D:4      | HP: 1/50 [Duvessa/+0 short sword (1)]
  4951 | D:4      | Mangled by Duvessa

Levels and vault maps discovered:
D:1:      dpeg_arrival_pits, layout_basic, chequers_ecumenical_altar_island,
          nicolae_kite_square_tiling_tiny, chequers_garden
D:2:      layout_basic, uniq_terence, uniq_natasha, uniq_crazy_yiuf_cottage
D:3:      layout_rooms, serial_shops, nicolae_lakefront_shop,
          nicolae_shop_bloodbath_and_beyond, shop_statue, uniq_sigmund
D:4:      layout_layer_cave, mainiacjoe_overflow_cross_hatched,
          grunt_decor_arrowhead, uniq_duvessa, uniq_edmund, uniq_ijyb

Skill      XL: |  1  2  3  4  5  6  7 |
---------------+----------------------+-----
Axes           | 4 5 6 7 |  7.0
Armour         | 2 3 |  3.0
Fighting       | 4 |  4.0
Throwing       | 2 |  2.4
Dodging        | 1 |  1.4
Spellcasting   | |  1.1
Fire Magic     | |  3.0

Action                   |  1- 3 |  4- 6 |  7- 9 || total
-------------------------+-------+-------+-------++-------
Melee: Hand axe          |    65 |   124 |       ||   189
       Punch             |     1 |     1 |     1 ||     3
       War axe           |       |    17 |    71 ||    88
Throw: Boomerang         |       |       |     9 ||     9
Invok: Fiery Armour      |     1 |     3 |     2 ||     6
  Use: Scroll            |     7 |     9 |     1 ||    17
       Potion            |       |     1 |     1 ||     2
Armor: Robe              |     3 |       |       ||     3
       Ring mail         |     4 |       |       ||     4
       Plate armour      |       |    65 |    45 ||   110
Dodge: Dodged            |    31 |    29 |    18 ||    78
Block: Other             |     3 |    19 |    15 ||    37

Table legend:
 A = Non-vault XP
 B = Vault XP
 C = Vault XP percentage of total XP
 D = Non-vault monster count
 E = Vault monster count
 F = Vault count percentage of total count
                 A         B        C        D         E       F
            +---------+---------+-------+---------+---------+-------
      Total |     370 |     598 |  61.8 |      86 |       7 |   7.5
            +---------+---------+-------+---------+---------+-------
        D:1 |      35 |       0 |   0.0 |      23 |       0 |   0.0
        D:2 |     116 |     110 |  48.7 |      20 |       3 |  13.0
        D:3 |      95 |     214 |  69.3 |      27 |       1 |   3.6
        D:4 |     124 |     274 |  68.8 |      16 |       3 |  15.8
            +---------+---------+-------+---------+---------+-------
